Map: Catalyst LE

Players

HolyHit - Winner!

  • Race: Protoss Protoss
  • Spawn Location: 5:00

Nolimit

  • Race: Zerg Zerg
  • Spawn Location: 11:00

Event: WCS Leipzig 2018

VOD

Have the link to the VOD?

Description

Time

  • Played on: Jan. 26, 2018, 7:43 a.m.
  • Length: 14:47

All games in this series

Show
View Real Time Build Order
Export as new Build Order

HolyHit Protoss - Winner!

Build Orders: 1 Gate Expand, Oracle Opening, Phoenix Opening 

Get SALT Encoding   

  12  0:00  Probe  
  13  0:12  Probe  
  14  0:18  Pylon  
  14  0:25  Probe  
  15  0:37  Probe (Chrono Boost)  
  15  0:39  Gateway  
  16  0:46  Probe (Chrono Boost)  
  16  0:48  Assimilator  
  17  0:51  Probe (Chrono Boost)  
  18  1:03  Probe (Chrono Boost)  
  19  1:11  Probe (Chrono Boost)  
  20  1:17  Probe  
  21  1:29  Nexus  
  21  1:38  Cybernetics Core  
  21  1:42  Probe  
  22  1:48  Assimilator  
  22  1:52  Pylon  
  22  1:56  Probe  
  23  2:10  Probe  
  23  2:13  Adept (Chrono Boost)  
  26  2:16  Stargate  
  27  2:22  Probe  
  27  2:26  Warp Gate  
  27  2:31  Adept  
  30  2:37  Probe (Chrono Boost)  
  30  2:41  Probe (Chrono Boost)  
  30  2:51  Probe x2 (Chrono Boost)  
  32  2:56  Probe (Chrono Boost)  
  33  2:59  Adept, Probe  
  33  3:01  Oracle (Chrono Boost)  
  39  3:07  Probe  
  39  3:11  Probe  
  42  3:20  Probe, Gateway  
  42  3:23  Probe  
  43  3:30  Pylon  
  43  3:31  Phoenix  
  45  3:36  Probe  
  46  3:45  Twilight Council  
  46  3:47  Gateway  
  46  3:48  Probe  
  47  3:49  Probe  
  48  4:00  Probe  
  48  4:01  Probe  
  50  4:02  Pylon  
  50  4:12  Probe  
  50  4:14  Probe  
  50  4:16  Resonating Glaives (Chrono Boost)  
  52  4:23  Nexus  
  52  4:24  Pylon  
  52  4:27  Probe x2  
  54  4:34  Adept x2  
  58  4:39  Probe  
  58  4:40  Assimilator  
  58  4:42  Assimilator  
  59  4:46  Probe  
  59  4:48  Adept  
  62  4:53  Pylon  
  62  4:55  Adept x2  
  66  5:05  Probe  
  67  5:07  Robotics Facility  
  67  5:08  Forge  
  67  5:09  Adept  
  67  5:11  Probe  
  70  5:17  Adept x2  
  74  5:24  Pylon  
  74  5:25  Probe x2  
  74  5:27  Shield Battery  
  76  5:34  Gateway  
  76  5:37  Probe  
  76  5:38  Blink  
  76  5:40  Probe  
  79  5:50  Probe  
  79  6:02  Probe  
  74  6:07  Probe  
  74  6:08  Probe  
  74  6:11  Robotics Bay  
  70  6:13  Protoss Ground Weapons Level 1  
  64  6:20  Probe  
  64  6:22  Immortal (Chrono Boost)  
  64  6:23  Photon Cannon  
  64  6:24  Sentry x3, Photon Cannon  
  64  6:25  Probe x2  
  75  6:26  Gateway  
  75  6:32  Probe  
  76  6:34  Photon Cannon  
  76  6:42  Adept  
  76  6:43  Probe  
  79  6:47  Adept x2  
  79  6:48  Adept  
  84  6:56  Probe  
  84  6:58  Colossus (Chrono Boost)  
  84  7:00  Probe x2  
  93  7:06  Shield Battery  
  93  7:08  Probe  
  94  7:09  Assimilator  
  94  7:10  Extended Thermal Lance (Chrono Boost)  
  94  7:13  Assimilator  
  94  7:14  Stalker x2  
  94  7:15  Stalker  
  100  7:19  Pylon  
  100  7:30  Pylon  
  100  7:37  Colossus (Chrono Boost)  
  100  7:38  Pylon  
  100  7:41  Stalker  
  108  7:50  Pylon  
  108  7:53  Pylon  
  108  7:55  Pylon  
  108  7:57  Stalker x2  
  112  8:00  Robotics Facility  
  112  8:15  Observer (Chrono Boost)  
  112  8:17  Protoss Ground Weapons Level 2 (Chrono Boost)  
  112  8:18  Forge  
  112  8:19  Sentry  
  115  8:20  Sentry  
  115  8:24  Stalker x2  
  121  8:28  Nexus  
  121  8:29  Pylon  
  121  8:32  Gateway  
  121  8:34  Warp Prism (Chrono Boost)  
  121  8:40  Pylon  
  123  8:44  Sentry  
  123  8:45  Sentry x2  
  129  8:55  Colossus (Chrono Boost)  
  129  8:57  Protoss Ground Armor Level 1 (Chrono Boost)  
  135  9:11  Charge (Chrono Boost)  
  135  9:17  Pylon  
  135  9:20  Stalker x4  
  143  9:26  Photon Cannon  
  143  9:27  Shield Battery  
  143  9:31  Assimilator  
  143  9:36  Assimilator  
  149  9:39  Colossus (Chrono Boost)  
  149  9:41  Stalker x2  
  149  9:44  Stalker  
  149  9:59  Observer (Chrono Boost)  
  135  10:00  Stalker  
  135  10:01  Stalker x2  
  135  10:10  Probe x4, Templar Archives  
  139  10:17  Colossus (Chrono Boost)  
  145  10:22  Probe  
  145  10:26  Immortal (Chrono Boost)  
  150  10:29  Protoss Ground Weapons Level 3 (Chrono Boost)  
  150  10:35  Probe, Pylon  
  151  10:37  Probe  
  151  10:38  Photon Cannon  
  151  10:40  Gateway  
  152  10:44  Zealot x4  
  152  10:46  Zealot  
  160  10:53  Protoss Ground Armor Level 2 (Chrono Boost)  
  160  11:02  Colossus (Chrono Boost)  
  166  11:04  Colossus (Chrono Boost)  
  166  11:08  Psionic Storm  
  172  11:25  High Templar x2  
  171  11:26  Zealot x3  
  171  11:27  Zealot  
  181  11:46  High Templar, Nexus  
  183  11:51  Immortal x2  
  191  11:57  Zealot x2  
  195  12:04  Fleet Beacon  
  195  12:07  Shield Battery  
  183  12:30  Colossus  
  169  12:47  Zealot x7  
  175  12:57  Immortal  
  175  13:00  Probe  
  176  13:10  High Templar x2  
  176  13:11  High Templar x2  
  176  13:12  High Templar x2  
  184  13:16  Pylon, Archon x2  
  184  13:18  Pylon  
  184  13:19  Stalker  
  174  13:28  Observer  
  174  13:30  Tempest  
  181  13:37  Photon Cannon x2  
  181  13:39  Photon Cannon  
  181  13:41  Shield Battery  
  181  13:42  Shield Battery  
  181  13:46  Stalker x4  
  181  13:47  Stalker x2, Assimilator  
  193  13:48  Warp Prism  
  193  13:49  Assimilator  
  193  13:50  Zealot  
  193  13:53  Observer  
  198  14:15  Observer  
  197  14:25  High Templar  
  184  14:44  Stalker x4  
Show
View Real Time Build Order
Export as new Build Order

Nolimit Zerg 

Build Orders: Hatch First, Lurkers 

Get SALT Encoding   

  12  0:00  Drone  
  13  0:13  Overlord  
  13  0:18  Drone  
  14  0:32  Drone x2  
  16  0:50  Hatchery  
  16  0:52  Drone  
  16  0:56  Drone  
  17  1:00  Drone  
  18  1:10  Extractor  
  17  1:15  Spawning Pool  
  17  1:18  Drone  
  17  1:26  Drone  
  18  1:36  Drone  
  19  1:41  Overlord  
  19  2:02  Zergling x4  
  19  2:03  Queen x2  
  19  2:04  Drone  
  26  2:13  Drone x2  
  28  2:16  Metabolic Boost  
  28  2:24  Drone x2  
  30  2:41  Hatchery  
  29  2:47  Drone x3  
  32  2:51  Overlord  
  32  2:55  Drone  
  32  2:56  Drone  
  34  3:05  Queen  
  34  3:12  Zergling x4  
  38  3:19  Drone x4  
  42  3:21  Spore Crawler  
  42  3:23  Spore Crawler  
  42  3:26  Drone  
  42  3:27  Drone  
  43  3:34  Drone x2  
  43  3:35  Overlord  
  44  3:43  Lair  
  44  3:49  Overlord  
  44  3:51  Extractor x2  
  42  3:58  Drone x4  
  42  3:59  Drone  
  42  4:00  Drone  
  48  4:14  Drone x3  
  48  4:15  Overlord  
  48  4:16  Queen  
  53  4:21  Baneling Nest, Zergling x2  
  53  4:22  Zergling x2  
  54  4:25  Zergling x4  
  54  4:30  Spore Crawler  
  54  4:31  Drone  
  56  4:32  Drone  
  56  4:35  Overlord  
  57  4:40  Drone x3  
  57  4:42  Drone  
  57  4:44  Drone  
  62  4:50  Extractor, Hydralisk Den  
  62  4:52  Overlord  
  60  4:54  Drone  
  60  4:56  Drone  
  60  4:58  Drone  
  62  5:02  Zergling x6  
  65  5:08  Overlord  
  65  5:09  Overlord  
  65  5:18  Baneling x3  
  65  5:19  Baneling  
  65  5:20  Drone x5  
  70  5:25  Muscular Augments  
  70  5:26  Overseer  
  70  5:30  Hydralisk  
  70  5:32  Hydralisk  
  74  5:38  Hydralisk x2  
  78  5:44  Lurker Den  
  78  5:46  Zergling x4  
  73  5:57  Zergling x10  
  73  6:01  Zergling x2  
  75  6:10  Zergling x4  
  70  6:14  Hydralisk x2  
  70  6:24  Drone x2  
  71  6:29  Drone  
  71  6:30  Drone  
  73  6:34  Infestation Pit  
  73  6:37  Drone x2  
  74  6:40  Drone  
  75  6:51  Drone  
  75  6:52  Drone x4  
  75  6:57  Drone x2  
  75  6:58  Drone  
  77  7:02  Centrifical Hooks  
  77  7:07  Drone x3  
  77  7:08  Drone  
  81  7:11  Hive  
  81  7:13  Hatchery  
  81  7:15  Lurker, Spire  
  80  7:17  Lurker  
  81  7:24  Extractor  
  81  7:25  Extractor  
  81  7:29  Lurker  
  80  7:40  Overlord x2  
  80  7:45  Drone, Hydralisk x3  
  80  7:47  Overlord x2  
  80  7:51  Evolution Chamber  
  86  7:54  Hydralisk x2  
  90  8:07  Hydralisk x3  
  90  8:08  Hydralisk  
  98  8:13  Drone x2  
  98  8:14  Drone x2  
  98  8:15  Lurker  
  98  8:19  Zergling x14  
  114  8:20  Zergling x8  
  114  8:26  Lurker  
  115  8:30  Zergling x2  
  115  8:31  Drone x6  
  115  8:33  Greater Spire  
  122  8:36  Zerg Melee Weapons Level 1  
  122  8:45  Overlord x2  
  121  8:51  Zergling x12  
  121  8:53  Overlord x2  
  127  9:03  Overlord  
  127  9:05  Hydralisk x5  
  127  9:07  Hydralisk  
  138  9:11  Extractor  
  138  9:12  Extractor  
  138  9:14  Drone x3  
  139  9:21  Drone x3  
  139  9:24  Lurker x4  
  144  9:30  Baneling x7  
  144  9:31  Baneling  
  145  9:33  Baneling  
  145  9:39  Zergling x20  
  145  9:44  Hydralisk x2  
  148  9:59  Hydralisk x8  
  141  10:04  Corruptor  
  157  10:13  Drone x3  
  160  10:20  Corruptor x2  
  164  10:24  Hatchery  
  164  10:27  Overlord x3  
  163  10:36  Brood Lord  
  165  10:48  Corruptor x4  
  173  10:56  Zergling x2  
  173  10:57  Zergling x18  
  181  10:58  Lurker x2  
  183  11:15  Brood Lord x2  
  187  11:20  Drone x2  
  187  11:22  Spore Crawler  
  187  11:23  Brood Lord  
  187  11:24  Brood Lord  
  192  11:28  Overlord x2  
  192  11:42  Hatchery  
  192  11:45  Brood Lord  
  191  11:48  Overlord  
  191  11:49  Brood Lord  
  191  11:51  Zerg Melee Weapons Level 2  
  193  11:57  Spine Crawler  
  193  11:58  Spine Crawler  
  193  11:59  Spine Crawler  
  193  12:00  Spine Crawler  
  188  12:10  Overlord  
  188  12:11  Overlord  
  188  12:20  Hatchery  
  186  12:24  Corruptor  
  186  12:25  Corruptor x4  
  170  12:42  Hydralisk x10  
  143  12:57  Hydralisk x3  
  131  13:07  Hatchery  
  131  13:09  Hydralisk x3  
  132  13:23  Drone x3  
  135  13:31  Overseer  
  135  13:37  Zergling x6, Spire  
  135  13:38  Zergling x6  
  140  13:45  Overseer  
  140  13:52  Extractor  
  140  13:53  Drone x2, Extractor  
  140  13:54  Drone x2  
  140  13:55  Drone x2  
  144  14:01  Hydralisk x3  
  150  14:09  Zergling x12  
  135  14:36  Hatchery  
Tags
 
Add a new tag
Caveats
  • Supply blocks, unpowered buildings, or Contaminate may cause inaccurate times.
  • Supply counts are checked every 10 seconds.